 Dungeon Crawl Stone Soup version 0.28-a0-991-g956f0ee3d5 (webtiles) character file.

Game seed: 8520081625832387625

469 devnull the Skirmisher (level 7, -3/61 HPs)
             Began as a Hill Orc Fighter on Dec 5, 2021.
             Slain by an iguana (9 damage)
             ... on level 5 of the Dungeon.
             The game lasted 00:08:30 (4138 turns).

devnull the Skirmisher (Hill Orc Fighter)           Turns: 4138, Time: 00:08:31

Health: -3/61      AC:  3    Str: 21    XL:     7   Next: 9%
Magic:  7/7        EV:  7    Int:  8    God:
Gold:   140        SH:  5    Dex: 10    Spells: 6/6 levels left

rFire   . . .      SeeInvis .   a - +0 war axe
rCold   . . .      Faith    .   c - +0 buckler
rNeg    . . .      Spirit   .   p - +0 chain mail
rPois   .          Reflect  .   l - +0 helmet
rElec   .          Harm     .   s - scarf {repulsion}
rCorr   .          Rampage  .   (no gloves)
Will    .....                   (no boots)
Stlth   ..........              (no amulet)
HPRegen 0.20/turn               (no ring)
MPRegen 0.10/turn               (no ring)

@: corroded, repel missiles
A: no striking features
a: no special abilities


You were on level 5 of the Dungeon.
You visited 1 branch of the dungeon, and saw 5 of its levels.

You collected 190 gold pieces.
You spent 50 gold pieces at shops.

Inventory:

Hand Weapons
 a - a +0 war axe (weapon)
Missiles
 o - 5 poisoned darts (quivered)
Armour
 c - a +0 buckler (worn)
 l - a +0 helmet (worn)
 p - a +0 chain mail (worn)
 s - a scarf of repulsion (worn)
Jewellery
 t - a +4 ring of evasion
Wands
 n - a wand of iceblast (8)
Scrolls
 d - 2 scrolls of teleportation
 f - 7 scrolls of identify {unknown}
 g - a scroll of blinking {unknown}
 i - a scroll of vulnerability
 m - a scroll of enchant armour {unknown}
Potions
 b - 2 potions of curing {unknown}
 e - a potion of flight {unknown}
 h - 2 potions of ambrosia {unknown}
 j - 2 potions of berserk rage {unknown}
 k - 3 potions of heal wounds
 q - a potion of invisibility {unknown}
 r - a potion of degeneration {unknown}


   Skills:
 + Level 5.5 Fighting
 + Level 5.3 Axes
 + Level 5.1 Armour
 + Level 5.1 Shields


You had 6 spell levels left.
You didn't know any spells.
Your spell library contained the following spells:

 Spells                   Type           Power      Damage    Failure   Level
 Animate Skeleton         Necr           0%         N/A       98%         1
 Apportation              Tloc           0%         N/A       98%         1
 Pain                     Necr           0%         1d4       98%         1
 Stone Arrow              Conj/Erth      0%         3d7       100%        3
 Vampiric Draining        Necr           0%         2d6       100%        3
 Animate Armour           Summ/Erth      0%         N/A       100%        4
 Alistair's Intoxication  Tmut/Pois      0%         N/A       100%        5
 Lehudib's Crystal Spear  Conj/Erth      0%         10d2      100%        8


Dungeon Overview and Level Annotations

Branches:
Dungeon (5/15)
 Temple: D:4-7

Altars:
Trog
Xom

Shops:
D:2 !   D:4 *

Annotations:
D:2 1 runed translucent door, Crazy Yiuf


Message History

The jelly is lightly wounded.
You block the jelly's attack.
Your chain mail prevents you from hitting the jelly.
The jelly is lightly wounded.
The jelly hits you but does no damage.
You hit the jelly but do no damage. The acid corrodes you!
Your hands burn!
The jelly is lightly wounded.
The jelly hits you but does no damage.
You hit the jelly but do no damage.
Your hands burn!
The jelly is lightly wounded.
The jelly hits you.
You are splashed with acid.
The jelly hits you but does no damage. The iguana bites you!
You hit the jelly.
Your hands burn!
The jelly is moderately wounded.
You hit the iguana but do no damage. You block the jelly's attack.
The iguana barely misses you.
You slash the jelly!
You kill the jelly!
You hit the iguana but do no damage. The iguana bites you!
You are too injured to fight recklessly!
You are too injured to fight recklessly!
You are too injured to fight recklessly!
You are too injured to fight recklessly!
You are too injured to fight recklessly!
You closely miss the iguana. The iguana closely misses you.
You slash the iguana!
The iguana is heavily wounded.
The iguana bites you!
* * * LOW HITPOINT WARNING * * *
You block the iguana's attack.
You hit the iguana but do no damage.
The iguana is heavily wounded.
The iguana bites you!
* * * LOW HITPOINT WARNING * * *
Aiming: Iceblast
Press: ? - help, Shift-Dir - straight line The mass of ice explodes!
The iceblast engulfs the iguana!
The iguana is almost dead.
The iguana bites you!
You die...

## .#
###########.####.
#......<...=.....
########@.....##
##l..$.#
...............
......#.....#..
......#.......#
..... ......##.
..... ####....
.... #>..# ....
.#.#


You could see an iguana.

Vanquished Creatures
  Grinder (D:3)
  An ogre (D:2)
  A water moccasin skeleton (D:4)
  A jelly (D:5)
  Terence (D:2)
  Robin (D:2)
  2 adders
  2 worms
  A dart slug (D:3)
  5 ball pythons
  6 bats
  4 endoplasms
  A giant cockroach (D:3)
  15 goblins
  10 hobgoblins
  8 kobolds
  A frilled lizard (D:1)
  2 rats
63 creatures vanquished.

Vanquished Creatures (others)
  4 fungi (D:2)
  4 plants (D:1)
8 creatures vanquished.

Grand Total: 71 creatures vanquished

Notes
Turn   | Place    | Note
-------+----------+-------------------------------------------
     0 | D:1      | devnull the Hill Orc Fighter began the quest for the Orb.
     0 | D:1      | Reached XP level 1. HP: 19/19 MP: 1/1
   233 | D:1      | Found a faded altar of an unknown god.
   666 | D:1      | Reached XP level 2. HP: 27/27 MP: 2/2
  1340 | D:2      | Reached XP level 3. HP: 25/33 MP: 3/3
  1494 | D:2      | Found Cyfor's Distillery.
  1502 | D:2      | Bought a potion of heal wounds for 50 gold pieces
  1552 | D:2      | Noticed an ogre
  1994 | D:2      | Noticed Terence
  2005 | D:2      | Killed Terence
  2006 | D:2      | Reached XP level 4. HP: 15/40 MP: 4/4
  2215 | D:2      | Noticed Robin
  2233 | D:2      | Killed Robin
  2366 | D:2      | Found a runed translucent door.
  2367 | D:2      | Noticed Crazy Yiuf
  2519 | D:2      | Killed an ogre
  2520 | D:2      | Reached XP level 5. HP: 47/47 MP: 5/5
  3182 | D:3      | Noticed Grinder
  3191 | D:3      | Killed Grinder
  3192 | D:3      | Reached skill level 5 in Fighting
  3192 | D:3      | Reached skill level 5 in Axes
  3192 | D:3      | Reached skill level 5 in Armour
  3192 | D:3      | Reached XP level 6. HP: 44/56 MP: 6/6
  3256 | D:3      | Found a bloodstained altar of Trog.
  3642 | D:4      | Reached skill level 5 in Shields
  3642 | D:4      | Reached XP level 7. HP: 60/61 MP: 7/7
  3681 | D:4      | Found Gifilikk's Goods Gallery.
  3922 | D:4      | Found a shimmering altar of Xom.
  4123 | D:5      | Entered Level 5 of the Dungeon
  4138 | D:5      | Slain by an iguana

Illustrated notes

Levels and vault maps discovered:
D:1:      dpeg_arrival_leaves_temple_mockup, layout_loops_corners,
          ebering_ecumenical_altar_box, serial_bayou_lagoon_a,
          minmay_misc_feat_tiny, chequers_serial_rivers_micro_e
D:2:      layout_rooms, serial_shops, nicolae_shop_hallway_stairs,
          uniq_crazy_yiuf_cottage, uniq_robin, uniq_terence
D:3:      layout_loops_ring, lemuel_crystal_altar, uniq_grinder
D:4:      layout_loops_ring, lemuel_round_altar, nicolae_alphabet_shops,
          chequers_decorated_corner, kennysheep_cluttered_room
D:5:      layout_rooms, minitemple

Skill      XL: |  1  2  3  4  5  6 |
---------------+-------------------+-----
Axes           | 3 4 5 |  5.3
Fighting       | 4 5 |  5.5
Armour         | 4 5 |  5.1
Shields        | 4 5 |  5.1

Action                   |  1- 3 |  4- 6 |  7- 9 || total
-------------------------+-------+-------+-------++-------
Melee: War axe           |    84 |   105 |    17 ||   206
Evoke: Wand              |       |     4 |     1 ||     5
  Use: Potion            |       |     1 |       ||     1
       Scroll            |       |     2 |       ||     2
Armor: Scale mail        |    39 |    37 |       ||    76
       Chain mail        |       |     2 |     4 ||     6
Dodge: Dodged            |    44 |    58 |     3 ||   105
Block: Buckler           |    14 |    19 |     8 ||    41

Table legend: (Time is in decaauts)
 A = Elapsed time spent in this place.
 B = Non-inter-level travel time spent in this place.
 C = Inter-level travel time spent in this place.
 D = Time resting spent in this place.
 E = Time spent auto-exploring this place.
 F = Levels seen in this place.
 G = Mean time per level.
                   A        B        C        D        E       F      G
               +--------+--------+--------+--------+--------+-----+--------+
         Total |   4209 |   3907 |    302 |     16 |   3302 |   5 |  841.8 |
       Dungeon |   4209 |   3907 |    302 |     16 |   3302 |   5 |  841.8 |
               +--------+--------+--------+--------+--------+-----+--------+

Top non-repeatable levels by time:
     D:1: 1442 daAuts
     D:2: 1284 daAuts
     D:3: 823 daAuts
     D:4: 642 daAuts
     D:5: 17 daAuts
